 Dungeon Crawl Stone Soup version 0.31-a0-1612-g4aaf141004 (webtiles) character file.

Game seed: 13733276686991952614

596 Laraso the Shooter (level 7, 49/52 HPs)
             Began as a Black Draconian Hexslinger on Jan 9, 2024.
             Quit the game on level 4 of the Dungeon.
             The game lasted 00:05:31 (2537 turns).

Laraso the Shooter (Black Draconian Hexslinger)     Turns: 2537, Time: 00:05:32

Health: 49/52      AC:  6    Str: 10    XL:     7   Next: 17%
Magic:  6/8        EV: 12    Int: 15    God:
Gold:   166        SH:  0    Dex: 14    Spells: 3/8 levels left

rFire   + . .        a - +1 sling
rCold   . . .        (no shield)
rNeg    . . .        (body armour unavailable)
rPois   .            (helmet restricted)
rElec   +            (no cloak)
rCorr   .            (no gloves)
SInv    .            (no boots)
Will    .....        f - amulet of magic regeneration
Stlth   +            g - ring of protection from fire
HPRegen 0.28/turn    (no ring)
MPRegen 0.51/turn

%: no passive effects
@: weak-willed, jinxed
A: breathe lightning, AC +6, unfitting armour, electricity resistance,
cold-blooded
a: Breathe Lightning


You were on level 4 of the Dungeon.
You visited 1 branch of the dungeon, and saw 4 of its levels.

You collected 166 gold pieces.

Inventory:

Hand Weapons
 a - a +1 sling (weapon)
Armour
 t - an orb of energy
Jewellery
 f - an amulet of magic regeneration (around neck)
 g - a ring of protection from fire (left hand)
Wands
 n - a wand of charming (6)
Scrolls
 b - a scroll of poison
 d - a scroll of blinking {unknown}
 e - 2 scrolls of amnesia
 i - 4 scrolls of teleportation {unknown}
 j - a scroll of immolation {unknown}
 k - a scroll of brand weapon {unknown}
 l - a scroll of noise {unknown}
 m - a scroll of fog {unknown}
 o - a scroll of silence {unknown}
 p - a scroll of enchant armour {unknown}
 r - 3 scrolls of identify
Potions
 c - a potion of heal wounds {unknown}
 h - 4 potions of curing
 q - a potion of resistance {unknown}
 s - 2 potions of mutation {unknown}


   Skills:
 - Level 1.1 Fighting
 * Level 6.0 Ranged Weapons
 - Level 1.7 Dodging
 - Level 1.0 Spellcasting
 + Level 4.8 Hexes
 - Level 1.0 Fire Magic


You had 3 spell levels left.
You knew the following spells:

 Your Spells              Type           Power      Damage    Failure   Level
a - Jinxbite              Hex            30%        N/A       4%          2
b - Sigil of Binding      Hex            15%        N/A       10%         3

Your spell library contained the following spells:

 Spells                   Type           Power      Damage    Failure   Level
 Inner Flame              Hex/Fire       9%         N/A       22%         3
 Cause Fear               Hex            7%         N/A       32%         4
 Dimensional Bullseye     Hex/Tloc       4%         N/A       65%         4


Dungeon Overview and Level Annotations

Branches:
Dungeon (4/15)
 Temple: D:4-7

Altars:
Ashenzari
Yredelemnul

Shops:
D:1 :

Annotations:
D:3 1 runed translucent door


Innate Abilities, Weirdness & Mutations

You can breathe wild blasts of lightning.
Your glossy black scales are hard. (AC +6)
You cannot fit into any form of body armour.
You are resistant to electric shocks. (rElec)
You are cold-blooded and may be slowed by cold attacks.


Message History

Aim: an ice beast (heavily wounded, heavily drained, chance to call a sprite on attack: 62%, 59% to hit)
You shoot a sling bullet.
The sling bullet hits the ice beast but does no damage.
The ice beast is heavily wounded.
A giggling sprite leaps out and smacks the ice beast with its own front foot.
The ice beast is heavily wounded.
The ice beast hits you but does no damage.
Fire: a) +1 sling
Press: ? - help, Q - select action, (/) - cycle Shift-Dir - straight line, f/p - ice beast
Aim: an ice beast (heavily wounded, heavily drained, chance to call a sprite on attack: 62%, 59% to hit)
You shoot a sling bullet. The sling bullet hits the ice beast.
The ice beast is severely wounded.
The ice beast hits you but does no damage.
Fire: a) +1 sling
Press: ? - help, Q - select action, (/) - cycle Shift-Dir - straight line, f/p - ice beast
Aim: an ice beast (severely wounded, heavily drained, chance to call a sprite on attack: 62%, 59% to hit)
You shoot a sling bullet.
The sling bullet closely misses the ice beast.
A giggling sprite leaps out and makes the ice beast trip over its own feet.
The ice beast is almost dead.
The jinxing sprites lose interest in you.
The ice beast closely misses you.
Casting: Jinxbite (safe; 5% risk of failure)
Confirm with . or Enter, or press ? or * to list all spells.
You beckon some vexing sprites to accompany your attacks.
You feel your willpower being sapped. The ice beast barely misses you.
Fire: a) +1 sling
Press: ? - help, Q - select action, (/) - cycle Shift-Dir - straight line, f/p - ice beast
Aim: an ice beast (almost dead, heavily drained, chance to call a sprite on attack: 62%, 59% to hit)
You shoot a sling bullet.
The sling bullet closely misses the ice beast.
A giggling sprite leaps out and smacks the ice beast with its own front foot.
You kill the ice beast!
Your Ranged Weapons skill increases to level 6!
You have reached level 7!
Your scales start taking on a glossy black colour.
You learn Air Magic much quicker.
You learn Earth Magic much slower.
You can breathe wild blasts of lightning.
You feel insulated.
Are you sure you want to abandon this character and quit the game? (Confirm with "yes".)

#...))...##.#)#.# #
#........###..)## ..#
###......†.##.#†#.##..#
...........#.#.#.#.#..#
.<..........#.###.#...#
.............#####....#
.....................##
...............#....##
...............#@..##
...............#)).#
...............#.†.#
...............#...########
###............#...........
#............#...##......
#.......######...# .....'
+..... .... #...... ...


There were no monsters in sight!

Vanquished Creatures
  2 black bears
  An ice beast (D:4)
  A scorpion (D:4)
  2 hounds (D:4)
  A jelly (D:4)
  5 gnolls
  4 adders
  2 ribbon worms (D:2)
  A dart slug (D:2)
  2 orcs (D:4)
  6 bats
  4 endoplasms
  4 giant cockroaches
  7 goblins
  8 hobgoblins
  3 jackals (D:1)
  10 kobolds
  4 quokkas
  5 ball pythons
  3 frilled lizards
  A jackal zombie (D:3)
  15 rats
91 creatures vanquished.

Notes
Turn   | Place    | Note
-------+----------+-------------------------------------------
     0 | D:1      | Laraso the Draconian Hexslinger began the quest for the
                  | Orb.
     0 | D:1      | Reached XP level 1. HP: 16/16 MP: 2/2
    16 | D:1      | Reached skill level 2 in Ranged Weapons
   131 | D:1      | Reached XP level 2. HP: 15/23 MP: 3/3
   139 | D:1      | Learned a level 2 spell: Jinxbite
   753 | D:1      | Found Qimox's Book Emporium.
   869 | D:2      | Reached XP level 3. HP: 28/28 MP: 2/4
   941 | D:2      | Found a broken altar of Ashenzari.
  1038 | D:2      | Reached skill level 3 in Ranged Weapons
  1341 | D:2      | Reached XP level 4. HP: 34/35 MP: 5/5
  1721 | D:3      | Learned a level 3 spell: Sigil of Binding
  2083 | D:3      | Reached skill level 4 in Ranged Weapons
  2127 | D:3      | Found a runed translucent door.
  2127 | D:3      | Noticed a human
  2130 | D:3      | Found a basalt altar of Yredelemnul.
  2207 | D:4      | Noticed a black bear
  2217 | D:3      | Killed a black bear
  2218 | D:3      | Reached XP level 5. HP: 31/40 MP: 6/6
  2307 | D:4      | Reached XP level 6. HP: 47/47 MP: 5/7
  2388 | D:4      | Reached skill level 5 in Ranged Weapons
  2435 | D:4      | Noticed an ice beast
  2536 | D:4      | Killed an ice beast
  2537 | D:4      | Reached skill level 6 in Ranged Weapons
  2537 | D:4      | Your scales start taking on a glossy black colour.
  2537 | D:4      | Reached XP level 7. HP: 49/52 MP: 6/8
  2537 | D:4      | Gained mutation: You are resistant to electric shocks.
                  | (rElec) [Black Draconian growth]
  2537 | D:4      | Quit the game

Illustrated notes

Levels and vault maps discovered:
D:1:      scummos_arrival_hexagon, layout_loops_cross, serial_shops,
          nicolae_lakefront_shop
D:2:      layout_rooms, basic_altar, interstate_on_off, minmay_rat_gold_closets
D:3:      layout_loops_ring, dk_yredelemnul_ordeal
D:4:      layout_gridville, minmay_circle_x

Skill      XL: |  1  2  3  4  5  6 |
---------------+-------------------+-----
Ranged Weapons | 2 3 4 6 |  6.0
Hexes          | 3 4 |  4.8
Fighting       | |  1.1
Dodging        | |  1.7
Spellcasting   | |  1.0
Fire Magic     | |  1.0

Action                     |  1- 3 |  4- 6 |  7- 9 || total
---------------------------+-------+-------+-------++-------
   Fire: Sling             |   137 |   133 |       ||   270
   Cast: Jinxbite          |    27 |    32 |       ||    59
         Sigil of Binding  |       |     1 |       ||     1
    Use: Scroll            |       |     4 |       ||     4
 Armour: Skin              |    25 |    63 |       ||    88
  Dodge: Dodged            |    37 |    85 |       ||   122

Table legend: (Time is in decaauts)
 A = Elapsed time spent in this place.
 B = Non-inter-level travel time spent in this place.
 C = Inter-level travel time spent in this place.
 D = Time resting spent in this place.
 E = Time spent auto-exploring this place.
 F = Levels seen in this place.
 G = Mean time per level.
                   A        B        C        D        E       F      G
               +--------+--------+--------+--------+--------+-----+--------+
         Total |   2598 |   2569 |     29 |     53 |   1856 |   4 |  649.5 |
       Dungeon |   2598 |   2569 |     29 |     53 |   1856 |   4 |  649.5 |
               +--------+--------+--------+--------+--------+-----+--------+

Top non-repeatable levels by time:
     D:1: 859 daAuts
     D:3: 827 daAuts
     D:2: 577 daAuts
     D:4: 334 daAuts
